 Dungeon Crawl Stone Soup version 0.27-a0-1081-ge8a0a9c698 (webtiles) character file.

Game seed: 9547818267562188996

244 tardwrangler69 the Poker (level 6, 48/48 HPs)
             Began as a Merfolk Gladiator on Apr 25, 2021.
             Was an Initiate of Okawaru.
             Got out of the dungeon alive.
             The game lasted 00:03:17 (4966 turns).

tardwrangler69 the Poker (Merfolk Gladiator)        Turns: 4966, Time: 00:03:18

Health: 48/48      AC:  5    Str: 16    XL:     6   Next: 10%
Magic:  6/6        EV: 14    Int:  8    God:    Okawaru [......]
Gold:   126        SH:  0    Dex: 15    Spells: 5/5 levels left

rFire    . . .     SeeInvis .   a - +1 trident
rCold    . . .     Faith    .   (no shield)
rNeg     . . .     Spirit   .   b - +0 leather armour
rPois    .         Reflect  .   c - +1 helmet
rElec    .         Harm     .   (no cloak)
rCorr    .         Rampage  .   (no gloves)
Will     .....                  (no boots)
Stlth    +.........             (no amulet)
HPRegen  0.16/turn              (no ring)
MPRegen  0.10/turn              (no ring)

@: no status effects
A: (nimble swimmer 2), mertail
a: Renounce Religion


You escaped.
You worshipped Okawaru.
Okawaru was noncommittal.
You visited 2 branches of the dungeon, and saw 5 of its levels.

You collected 126 gold pieces.

Inventory:

Hand Weapons
 a - a +1 trident (weapon)
Missiles
 d - 3 throwing nets (quivered)
Armour
 b - a +0 leather armour (worn)
 c - a +1 helmet (worn)
Jewellery
 k - a ring of flight
 n - a ring of magical power
Wands
 e - a wand of flame (21)
Potions
 f - 3 potions of haste
 g - a potion of flight {unknown}
 h - a potion of brilliance
 j - a potion of resistance
 m - a potion of attraction


   Skills:
 + Level 3.8 Fighting
 * Level 7.4 Polearms
 - Level 2.0 Throwing
 + Level 5.6 Dodging


You had 5 spell levels left.
You didn't know any spells.
Your spell library contained the following spells:

 Spells                   Type           Power      Damage    Failure   Level
 Summon Small Mammal      Summ           0%         N/A       47%         1
 Call Imp                 Summ           0%         N/A       63%         2
 Call Canine Familiar     Summ           0%         N/A       85%         3
 Confusing Touch          Hex            0%         N/A       85%         3
 Gell's Gravitas          Tloc           0%         N/A       85%         3
 Summon Guardian Golem    Hex/Summ       0%         N/A       85%         3
 Petrify                  Tmut/Erth      0%         N/A       99%         4
 Summon Ice Beast         Ice/Summ       0%         N/A       99%         4
 Summon Lightning Spire   Summ/Air       0%         N/A       99%         4
 Metabolic Englaciation   Hex/Ice        0%         N/A       100%        5
 Yara's Violent Unravell  Hex/Tmut       0%         3d3       100%        5


Dungeon Overview and Level Annotations

Branches:
Dungeon (4/15)             Temple (1/1) D:4

Altars:
Ashenzari
Cheibriados
Dithmenos
Elyvilon
Gozag
Hepliaklqana
Kikubaaqudgha
Makhleb
Nemelex Xobeh
Okawaru
Qazlal
Ru
Sif Muna
Trog
Vehumet
Wu Jian
Xom
Yredelemnul
Zin

Shops:
D:3 !


Innate Abilities, Weirdness & Mutations

((You are quick and stealthy near water. (Stealth+, EV+, Speed+++)))
Your lower body shifts to a powerful aquatic tail in water.


Message History

g - a lumpy brown potion A ball python comes into view.
A ball python is nearby!
A ball python is nearby!
A ball python is nearby!
A ball python is nearby!
(D) Dungeon (T) Temple
Where to? (Enter - D:4, ? - help)
A ball python is nearby!
(D) Dungeon (T) Temple
Where to? (Enter - D:3, ? - help)
A ball python is nearby!
(D) Dungeon (T) Temple
Where to? (Enter - D:3, ? - help)
A ball python is nearby!
Unknown command.
Unknown command.
(D) Dungeon (T) Temple
Where to? (Enter - D:3, ? - help)
What level of the Dungeon? (default 1, ? - help)
A ball python is nearby!
(D) Dungeon (T) Temple
Where to? (Enter - D:1, ? - help)
What level of the Dungeon? (default 1, ? - help)
There is a stone staircase leading up here.
You climb upwards.
There is a stone staircase leading down here.
There is a stone staircase leading up here.
You climb upwards.
There is a stone staircase leading down here.
There is a stone staircase leading up here.
You climb upwards.
There is a stone staircase leading down here.
There is an open door here.
There is a staircase leading out of the dungeon here.
You can't go down here!
Are you sure you want to leave the Dungeon?
This will make you lose the game!
Alright, then stay!
Are you sure you want to leave the Dungeon?
This will make you lose the game!
You have escaped!

#....§§§§§§(..########.....#
.....§§§§..§§..## ##...##
....####§§§§....# #..## ### ..###
###......## #..######.. .##
##......# #.........# ## ##.....#
##.######## # #.....# #.# #
##....## #.# #...@8### #.# ####
#....##.# #.# #... # ##....##.#
#.# #.## # #.....##.# #.#####.#
## ##.....##.####....##.## .##
##.....##........#...... ..###
###§.....###.##......##.#.
....####§§§§...####.###...####.#[
#......§§§§§§.##....# ##.## #.#.


There were no monsters in sight!

Vanquished Creatures
  A bullfrog zombie (D:2)
  A jelly (D:4)
  Terence (D:2)
  2 orc wizards (D:4)
  An adder (D:4)
  3 gnolls
  2 worms
  A dart slug (D:1)
  3 orcs (D:4)
  5 ball pythons
  9 bats
  4 endoplasms
  3 giant cockroaches
  4 goblins
  3 hobgoblins
  3 jackals (D:2)
  A quokka (D:1)
  3 frilled lizards
  7 kobolds
  2 rats
59 creatures vanquished.

Notes
Turn   | Place    | Note
-------+----------+-------------------------------------------
     0 | D:1      | tardwrangler69 the Merfolk Gladiator began the quest for
                  | the Orb.
     0 | D:1      | Reached XP level 1. HP: 16/16 MP: 1/1
    61 | D:1      | Reached XP level 2. HP: 20/23 MP: 2/2
   384 | D:1      | Reached skill level 5 in Polearms
   646 | D:1      | Reached XP level 3. HP: 28/28 MP: 3/3
   695 | D:1      | Found a faded altar of an unknown god.
  1385 | D:2      | Reached XP level 4. HP: 13/35 MP: 4/4
  1405 | D:2      | HP: 1/35 [kobold/+2 dagger of freezing (1)]
  1642 | D:1      | Reached skill level 6 in Polearms
  2079 | D:2      | Noticed Terence
  2093 | D:2      | Killed Terence
  2094 | D:2      | Reached skill level 5 in Dodging
  2094 | D:2      | Reached XP level 5. HP: 23/41 MP: 5/5
  3010 | D:3      | Found Meriex's Distillery.
  3304 | D:3      | Found a broken altar of Ashenzari.
  3777 | D:4      | Found a staircase to the Ecumenical Temple.
  3787 | Temple   | Entered the Ecumenical Temple
  4052 | Temple   | Became a worshipper of Warmaster Okawaru
  4163 | D:4      | HP: 2/41 [orc wizard/+0 dagger (4)]
  4165 | D:4      | Reached skill level 7 in Polearms
  4793 | D:4      | Reached XP level 6. HP: 48/48 MP: 6/6
  4966 | D:$      | Got out of the dungeon alive.

Illustrated notes

Levels and vault maps discovered:
D:1:      heliophobic_arrival_dark_side_of_the_moon, layout_loops_corners,
          shapermc_ecumenical_altar_flowoftime
D:2:      layout_loops_cross, minmay_misc_feat_chi, uniq_terence
D:3:      layout_basic, ashenzari_conservatory_becter, serial_shops, shop,
          hex_large, chequers_serial_rivers_micro_d, chequers_big_river,
          chequers_serial_rivers_large_b
D:4:      layout_basic, minmay_temple_entry_glass, serial_shops, shop,
          uniq_natasha
Temple:   dpeg_five_rooms_temple

Skill      XL: |  1  2  3  4  5 |
---------------+----------------+-----
Polearms       | 5 6 7 |  7.4
Fighting       | 3 |  3.8
Dodging        | 5 |  5.6
Throwing       | |  2.0

Action                   |  1- 3 |  4- 6 || total
-------------------------+-------+-------++-------
Melee: Trident           |    78 |   148 ||   226
       Tailslap          |       |     1 ||     1
  Use: Scroll            |       |     7 ||     7
       Potion            |       |     3 ||     3
 Stab: Sleeping          |     2 |     1 ||     3
Armor: Leather armour    |    18 |    32 ||    50
Dodge: Dodged            |    43 |    80 ||   123

Table legend: (Time is in decaauts)
 A = Elapsed time spent in this place.
 B = Non-inter-level travel time spent in this place.
 C = Inter-level travel time spent in this place.
 D = Time resting spent in this place.
 E = Time spent auto-exploring this place.
 F = Levels seen in this place.
 G = Mean time per level.
                   A        B        C        D        E       F      G
               +--------+--------+--------+--------+--------+-----+--------+
         Total |   4915 |   4607 |    308 |    230 |   3936 |   5 |  983.0 |
       Dungeon |   4343 |   4106 |    237 |      0 |   3675 |   4 | 1085.8 |
        Temple |    571 |    500 |     71 |    230 |    261 |   1 |  571.0 |
               +--------+--------+--------+--------+--------+-----+--------+

Top non-repeatable levels by time:
     D:1: 1576 daAuts
     D:2: 1483 daAuts
     D:3: 725 daAuts
  Temple: 571 daAuts
     D:4: 557 daAuts
